 Dungeon Crawl Stone Soup version 0.17-a0-1913-g47c5406 (webtiles) character file.

158 AvaKnavely the Chopper (level 5, -3/47 HPs)
             Began as a Hill Orc Abyssal Knight on Sept 26, 2015.
             Was a Priest of Lugonu.
             Slain by a gnoll
             ... wielding a +0 spear
              (5 damage)
             ... on level 3 of the Dungeon.
             The game lasted 00:07:44 (2945 turns).

AvaKnavely the Chopper (Hill Orc Abyssal Knight)    Turns: 2945, Time: 00:07:44

Health: -3/47      AC:  6    Str: 16    XL:     5   Next: 40%
Magic:  7/7        EV:  9    Int: 12    God:    Lugonu [***...]
Gold:   97         SH:  0    Dex: 10    Spells: 0 memorised, 4 levels left

rFire  . . .     SeeInvis .     x - +2 flail (holy)
rCold  . . .     Clarity  .     y - +0 scale mail
rNeg   . . .     SustAt   +     (no shield)
rPois  .         Gourm    .     (no helmet)
rElec  .         Spirit   .     (no cloak)
rCorr  .         Warding  .     (no gloves)
rMut   .         Stasis   +     (no boots)
MR     +....                    l - amulet of stasis
Stlth  ..........               p - ring of protection from magic
                                n - ring of sustain attributes

@: somewhat resistant to hostile enchantments, extremely unstealthy
A: no striking features
a: Depart the Abyss, Bend Space, Banish, Renounce Religion


You were on level 3 of the Dungeon.
You worshipped Lugonu.
Lugonu was most pleased with you.
You were hungry.

You visited 1 branch of the dungeon, and saw 3 of its levels.
You visited the Abyss 1 time.

You collected 97 gold pieces.

Inventory:

Hand weapons
 a - a +1 hand axe
 s - a +1 dagger of venom
 x - a +2 flail of holy wrath (weapon)
Missiles
 w - 14 poisoned needles
Armour
 b - a +0 leather armour
 y - a +0 scale mail (worn)
Jewellery
 e - an uncursed amulet of resist mutation
 l - an amulet of stasis (around neck)
 n - a ring of sustain attributes (left hand)
 p - a ring of protection from magic (right hand)
Magical devices
 q - a wand of flame (33)
Scrolls
 h - 2 scrolls of remove curse
 j - a scroll of recharging
 m - a scroll of fog
 o - a scroll of teleportation
 r - a scroll of magic mapping
 v - 3 scrolls of fear
Potions
 i - a potion of flight {unknown}
 t - a potion of haste {unknown}
 u - a potion of cure mutation {unknown}
 z - a potion of heal wounds {unknown}
Comestibles
 c - 3 bread rations
 d - 2 fruits
 f - 2 meat rations
 g - 4 chunks of flesh


   Skills:
 + Level 4.7 Fighting
 * Level 5.4 Axes
 - Level 2.4 Armour
 - Level 0.7 Dodging
 + Level 3.7 Invocations


You had 4 spell levels left.
You didn't know any spells.

Dungeon Overview and Level Annotations

Branches:
Dungeon (3/15)

Altars:


Message History

You kill the gnoll!
Lugonu accepts your kill. The gnoll hits you with a spear.
You hit the gnoll.
The gnoll is lightly wounded.
The gnoll hits you with a spear. The gnoll barely misses you.
You hit the gnoll.
The gnoll is moderately wounded.
The gnoll hits you with a spear. The gnoll closely misses you.
You barely miss the gnoll.
The gnoll is moderately wounded.
The gnoll hits you but does no damage. The gnoll hits you with a spear!
* * * LOW HITPOINT WARNING * * *
Your scale mail prevents you from hitting the gnoll.
The gnoll is moderately wounded.
The gnoll barely misses you.
You feel better. The gnoll hits you with a spear!
* * * LOW HITPOINT WARNING * * *
The gnoll hits you with a spear.
You die...

#...#..##...........##.#
#........)..######.###.#
#...#..##.#............#
#####.[##.##############
##..##)# #...##g#
#.#.##g# #.#.##g#
#.#.##@# #####.#.##.#
#.......##.#
#.###.####.### #.# #.#
#...# #.# #.####)..###
#.# #.#........## #.#
#.#......#..##
#.###.#..#.......##


You could see 3 gnolls.

Vanquished Creatures
  8 gnolls (D:3)
  2 adders (D:2)
  An ooze (D:1)
  A worm (D:2)
  5 giant geckos
  2 ball pythons
  3 bats
  4 giant cockroaches
  7 goblins
  4 hobgoblins
  4 jackals (D:3)
  A quokka (D:2)
  14 giant newts
  5 kobolds
  6 rats
67 creatures vanquished.

Notes
Turn   | Place    | Note
--------------------------------------------------------------
     0 | Abyss:1  | AvaKnavely the Hill Orc Abyssal Knight began the quest for the Orb.
     0 | Abyss:1  | Reached XP level 1. HP: 19/19 MP: 2/2
    19 | D:1      | Escaped the Abyss
   202 | D:1      | Reached XP level 2. HP: 27/27 MP: 3/3
   424 | D:1      | Reached skill level 4 in Fighting
   530 | D:1      | Acquired Lugonu's second power
   766 | D:1      | Reached XP level 3. HP: 22/33 MP: 4/4
  1623 | D:2      | Reached XP level 4. HP: 36/40 MP: 6/6
  2185 | D:3      | Acquired Lugonu's third power
  2691 | D:3      | Reached skill level 5 in Axes
  2697 | D:3      | Reached XP level 5. HP: 11/47 MP: 7/7
  2945 | D:3      | HP: 2/47 [gnoll/spear (10)]
  2945 | D:3      | Slain by a gnoll

Vault maps used:
D:1:      matt_arrival_refuge
D:2:      minmay_newt_pond
D:3:      lemuel_castle_with_subvaults, hangedman_decor_opposing

Action                   |  1- 3 |  4- 6 || total
-------------------------+-------+-------++-------
Melee: Hand axe          |   108 |   100 ||   208
       Flail             |       |    21 ||    21
  Use: Scroll            |       |     6 ||     6
       Potion            |       |     2 ||     2
  Eat: Chunk             |     2 |     4 ||     6
